 Dungeon Crawl Stone Soup version 0.27.1-1-g398f81649c (webtiles) character file.

Game seed: 14895529984633294653

649 calewdscratch the Gusty (level 7, -2/38 HPs)
             Began as a Tengu Air Elementalist on Sept 7, 2021.
             Was an Initiate of Vehumet.
             Killed by their own static electricity (3 damage)
             ... on level 4 of the Dungeon.
             The game lasted 00:54:10 (6349 turns).

calewdscratch the Gusty (Tengu Air Elementalist)    Turns: 6349, Time: 00:54:10

Health: -2/38      AC:  3    Str:  8    XL:     7   Next: 53%
Magic:  0/13       EV: 15    Int: 18    God:    Vehumet [......]
Gold:   125        SH:  5    Dex: 14    Spells: 3/13 levels left

rFire    . . .     SeeInvis .   y - +1 dagger (elec)
rCold    + . .     Faith    .   (no shield)
rNeg     . . .     Spirit   .   f - +0 robe {rC+}
rPois    .         Reflect  +   (helmet restricted)
rElec    .         Harm     .   q - +0 cloak
rCorr    .         Rampage  .   (no gloves)
Will     .....                  (boots unavailable)
Stlth    ++........             j - amulet of reflection
HPRegen  0.12/turn              (no ring)
MPRegen  0.13/turn              (no ring)

@: flying quickly and evasively, quick
A: beak, talons 3, nimble flight
a: Renounce Religion


You were on level 4 of the Dungeon.
You worshipped Vehumet.
Vehumet was noncommittal.
You visited 2 branches of the dungeon, and saw 6 of its levels.

You collected 153 gold pieces.
You spent 28 gold pieces at shops.

Inventory:

Hand Weapons
 n - a +0 mace
 p - a +4 quarterstaff of chaos
 v - a +0 rapier
 y - a +1 dagger of electrocution (weapon)
Missiles
 i - 5 atropa-tipped darts
 A - 14 poisoned darts
Armour
 a - a +0 robe
 d - a +0 leather armour
 f - a +0 robe of cold resistance (worn)
 q - a +0 cloak (worn)
Jewellery
 j - an amulet of reflection (around neck)
 s - an amulet of guardian spirit
Wands
 x - a wand of mindburst (22)
Scrolls
 b - a scroll of torment {unknown}
 h - a scroll of immolation {unknown}
 k - 2 scrolls of blinking {unknown}
 l - a scroll of identify
 m - a scroll of enchant armour {unknown}
 r - a scroll of brand weapon {unknown}
 u - a scroll of vulnerability {unknown}
 z - a scroll of holy word {unknown}
Potions
 c - 2 potions of degeneration
 e - a potion of mutation {unknown}
 g - 2 potions of lignification
 o - a potion of attraction {unknown}
 t - a potion of ambrosia {unknown}
 w - 3 potions of curing
 B - a potion of magic {unknown}


   Skills:
 * Level 1.5 Fighting
 + Level 0.7 Short Blades
 * Level 3.0 Dodging
 - Level 2.0 Stealth
 + Level 1.0 Shields
 + Level 3.6 Spellcasting
 - Level 6.0 Conjurations
 - Level 7.0 Air Magic


You had 3 spell levels left.
You knew the following spells:

 Your Spells              Type           Power      Damage    Failure   Level
a - Shock                 Conj/Air       100%       1d9       1%          1
b - Static Discharge      Conj/Air       26%        N/A       1%          2
c - Swiftness             Air            28%        N/A       2%          3
d - Airstrike             Air            14%        N/A       9%          4

Your spell library contained the following spells:

 Spells                   Type           Power      Damage    Failure   Level
 Corona                   Hex            3%         N/A       16%         1
 Ensorcelled Hibernation  Hex/Ice        6%         N/A       22%         2
 Tukima's Dance           Hex            3%         N/A       41%         3
 Irradiate                Conj/Tmut      7%         3d16      77%         5
 Blade Hands              Tmut           1%         N/A       99%         5
 Dragon Form              Tmut           1%         N/A       100%        7


Dungeon Overview and Level Annotations

Branches:
Dungeon (5/15)             Temple (1/1) D:4

Altars:
Cheibriados
Makhleb
Nemelex Xobeh
Okawaru
Sif Muna
Uskayaw
Vehumet
Xom
Yredelemnul
Zin

Shops:
D:3 *   D:4 (


Innate Abilities, Weirdness & Mutations

You have a beak for a mouth.
You have claws for feet.
Your magical nature lets you fly swiftly and evasively.


Message History

Your Dodging skill increases to level 3!
Your Shields skill increases to level 1!
Something hits you.
Deactivating autopickup; reactivate with Ctrl-A.
You see here an iguana corpse.
There is a stone staircase leading up here.
Something hits you.
You barely miss something.
You hear some strange, mumbled words.
You are confused.
You miss something. Your kick misses something. You peck something.
Something closely misses you.
You bump into the rock wall.
Something hits you.
You're too confused to move!
You hear some strange, mumbled words.
A puff of flame appears from out of thin air!
The puff of flame hits you!
You miss something. Your kick misses something. Something barely misses you.
You miss something.
You hear some strange, mumbled words.
A puff of flame appears from out of thin air!
The puff of flame hits you!
* * * LOW HITPOINT WARNING * * *
You miss something. You claw something. Your peck misses something.
Something hits you.
* * * LOW HITPOINT WARNING * * *
You feel less confused. Something hits you.
* * * LOW HITPOINT WARNING * * *
You fly upwards.
Reactivating autopickup.
There is a stone staircase leading down here.
Casting: Static Discharge (safe; 1% risk of failure)
Confirm with . or Enter, or press ? or * to list all spells.
You can't see any susceptible monsters within range! (Use Z to cast anyway.)
Casting: Static Discharge (safe; 1% risk of failure)
Confirm with . or Enter, or press ? or * to list all spells.
Something is struck by an arc of lightning!
You are struck by an arc of lightning.
You die...

.......## #....##
####..#### #####.##
#..######.....#
#####.# ###.##
#....###.# ...##.####
#....# #.#### #.##
.........# ##....#
#.# #..# .........#
#.....###.#######.###
.........#
#.#..[[..)......#....
...†.....#
###...#########......
..)......# #.@.#
####... .........#
#...# #### ##########
#####


There were no monsters in sight!

Vanquished Creatures
  Menkaure (D:4)
  A phantom (D:4)
  A hound (D:3)
  An orc priest (D:5)
  Crazy Yiuf (D:2)
  An iguana (D:5)
  Jessica (D:2)
  A bullfrog skeleton (D:4)
  Natasha (thrice) (D:3)
  Terence (D:2)
  2 orc wizards
  4 adders
  A dart slug (D:4)
  17 orcs
  8 ball pythons
  4 endoplasms
  5 giant cockroaches
  5 hobgoblins
  4 jackals (D:3)
  5 quokkas
  4 bats
  2 frilled lizards (D:1)
  10 goblins
  4 kobolds
  6 rats
93 creatures vanquished.

Notes
Turn   | Place    | Note
-------+----------+-------------------------------------------
     0 | D:1      | calewdscratch the Tengu Air Elementalist began the quest
                  | for the Orb.
     0 | D:1      | Reached XP level 1. HP: 10/10 MP: 4/4
   249 | D:1      | Reached XP level 2. HP: 15/15 MP: 4/6
   271 | D:1      | Learned a level 2 spell: Static Discharge
  1020 | D:1      | Found a faded altar of an unknown god.
  1079 | D:2      | Noticed Jessica
  1082 | D:2      | Killed Jessica
  1083 | D:2      | Reached XP level 3. HP: 19/19 MP: 3/7
  1185 | D:2      | Reached skill level 5 in Air Magic
  1216 | D:2      | Learned a level 3 spell: Swiftness
  1291 | D:2      | Reached XP level 4. HP: 13/24 MP: 3/8
  1625 | D:2      | Noticed Terence
  2017 | D:2      | Found a runed translucent door.
  2018 | D:2      | Noticed Crazy Yiuf
  2150 | D:2      | Killed Crazy Yiuf
  2350 | D:2      | Killed Terence
  2351 | D:2      | Gained mutation: Your magical nature lets you fly swiftly
                  | and evasively. [Tengu growth]
  2351 | D:2      | Reached XP level 5. HP: 14/28 MP: 1/10
  3163 | D:3      | You are sucked into a shaft and drop 1 floor!
  3173 | D:4      | Found an iron altar of Okawaru.
  3181 | D:3      | Reached skill level 6 in Air Magic
  3389 | D:3      | HP: 1/28 [/static electricity (3)]
  3741 | D:3      | Noticed Natasha
  3747 | D:3      | Killed Natasha
  3748 | D:3      | Reached skill level 5 in Conjurations
  3748 | D:3      | Reached XP level 6. HP: 27/32 MP: 5/11
  3873 | D:3      | Found Zumohu's General Store.
  3951 | D:3      | Bought a scroll of identify for 28 gold pieces
  4015 | D:3      | Learned a level 4 spell: Airstrike
  4212 | D:4      | Found a staircase to the Ecumenical Temple.
  4375 | Temple   | Entered the Ecumenical Temple
  4450 | Temple   | Became a worshipper of Vehumet
  4663 | D:4      | Noticed Menkaure
  4669 | D:4      | Killed Menkaure
  4670 | D:4      | Reached skill level 7 in Air Magic
  4670 | D:4      | Reached XP level 7. HP: 17/36 MP: 5/13
  5122 | D:4      | Found Fuyf Wipt's Antique Weapon Shop.
  5843 | D:3      | Noticed Natasha
  5847 | D:3      | Killed Natasha
  5848 | D:3      | Reached skill level 1 in Fighting
  6209 | D:3      | Noticed Natasha
  6213 | D:3      | Killed Natasha
  6265 | D:5      | Entered Level 5 of the Dungeon
  6337 | D:5      | Reached skill level 1 in Shields
  6347 | D:5      | HP: 1/38 [something (2)]
  6349 | D:4      | Killed from afar by themself

Illustrated notes

Levels and vault maps discovered:
D:1:      amcnicky_arrival_flooded_fountain, layout_basic,
          hellmonk_ecumenical_altar_heavens_door, feat_on_display
D:2:      layout_loops_ring, uniq_crazy_yiuf_cottage, uniq_terence, uniq_jessica
D:3:      layout_basic, serial_shops, shop, chequers_serial_rivers_small_3,
          uniq_natasha
D:4:      layout_rooms, okawaru_ov_weapons_minmay, temple_statues, serial_shops,
          nicolae_square_shop, gup_sewer_entry_bowl, uniq_menkaure
D:5:      layout_basic, chequers_temple_overflow_statue_of_worship,
          nicolae_overflow_crystal_walls, enter_ossuary_2, serial_shops,
          kennysheep_mini_moat, uniq_blork_the_orc
Temple:   compressed_dpeg_triangle_lava_temple

Skill      XL: |  1  2  3  4  5  6  7 |
---------------+----------------------+-----
Conjurations   | 2 3 4 5 6 |  6.0
Air Magic      | 5 6 7 |  7.0
Spellcasting   | 3 |  3.6
Fighting       | 1 |  1.5
Dodging        | 3 |  3.0
Shields        | 1 |  1.0
Short Blades   | |  0.7
Stealth        | |  2.0

Action                   |  1- 3 |  4- 6 |  7- 9 || total
-------------------------+-------+-------+-------++-------
Melee: Dagger            |     7 |    10 |     5 ||    22
       Kick              |     1 |     2 |     1 ||     4
       Peck              |     1 |     1 |     1 ||     3
 Cast: Shock             |    50 |    66 |    27 ||   143
       Static Discharge  |     2 |    27 |    11 ||    40
  Use: Scroll            |       |       |     3 ||     3
Armor: Robe              |     5 |     6 |     1 ||    12
Dodge: Dodged            |     4 |    28 |     4 ||    36
Block: Other             |       |     9 |     3 ||    12
